AoeStats
← Dr. Mókus

Arena

508648600Analyzed
1v1 RM · 10d ago on Sep 23, 2026· 38m 30s· 2 players
Game mode
Random Map
Map size
Tiny (2 player)
Population
200
Speed
Normal
Resources
Standard
Victory
Conquest
Starting age
Dark Age
Ending age
Imperial Age
RankedLock teamsTeams togetherTeam positionsShared explorationLock speedFull tech treeHidden civsTurbo modeCheats
Victory
Defeat
🇭🇺 Franks · Hungary
978
+16
🇦🇷 Italians · Argentina
969
-16
Bubba5148786
11:25 Feudal Age
16:10 Castle Age
15:49 Double-Bit Axe
15:46 Horse Collar
19:34 Loom
19:35 Town Watch
24:27 Ballistics
31:12 Imperial Age
29:04 Fletching
29:43 Padded Archer Armor
29:56 Masonry
30:32 Bodkin Arrow
30:52 Leather Archer Armor
32:59 Chemistry
33:10 Leather Archer Armor
33:06 Forging
Dr. Mókus
11:09 Feudal Age
12:31 Double-Bit Axe
17:15 Castle Age
18:50 Bow Saw
18:52 Padded Archer Armor
18:42 Fletching
20:41 Wheelbarrow
23:09 Ballistics
23:56 Husbandry
24:10 Elite Skirmisher
27:14 Scale Barding Armor
27:05 Bodkin Arrow
27:25 Leather Archer Armor
27:21 Forging
27:57 Hand Cart
29:23 Gold Mining
30:03 Chain Barding Armor
31:53 Devotion
38:03 Imperial Age
36:12 Iron Casting
38:24 Cavalier
Connection lost

Rejoining the realm…

Still unreachable

The connection could not be restored.

Session expired

The server has moved on; the page needs a fresh start.